 Dungeon Crawl Stone Soup version 0.30.0-20-g3b4254fcbd (webtiles) character file.

Game seed: 5594631851079931931

6755 IndexError the Fighter (level 10, -2/93 HPs)
             Began as a Green Draconian Fire Elementalist on June 2, 2023.
             Was a Believer of Vehumet.
             Slain by a vampire (9 damage)
             ... on level 10 of the Dungeon.
             The game lasted 00:20:56 (12094 turns).

IndexError the Fighter (DrFE)                      Turns: 12094, Time: 00:20:57

Health: -2/93      AC: 11    Str: 10    XL:     10   Next: 75%
Magic:  0/19       EV: 13    Int: 20    God:    Vehumet [**....]
Gold:   530        SH:  0    Dex: 18    Spells: 1/21 levels left

rFire   . . .        b - +1 dagger (elec)
rCold   . . .        (no shield)
rNeg    . . .        (body armour unavailable)
rPois   +            (helmet restricted)
rElec   .            s - +2 cloak
rCorr   .            (no gloves)
SInv    .            d - +0 pair of boots
Will    .....        (no amulet)
Stlth   ++           i - +6 ring of dexterity
HPRegen 0.35/turn    u - ring of wizardry {Wiz+, !d}
MPRegen 0.16/turn

%: wizardry (x1)
@: no status effects
A: breathe noxious fumes, AC +7, unfitting armour, poison resistance,
cold-blooded
a: Breathe Noxious Fumes, Renounce Religion


You were on level 10 of the Dungeon.
You worshipped Vehumet.
Vehumet was pleased with you.
You visited 2 branches of the dungeon, and saw 11 of its levels.
You also visited: Ossuary.

You collected 557 gold pieces.
You spent 27 gold pieces at shops.

Inventory:

Hand Weapons
 b - a +1 dagger of electrocution (weapon)
   (You took it off a kobold on level 1 of the Dungeon)
Missiles
 t - 2 datura-tipped darts
 z - 2 boomerangs of dispersal {=f}
Armour
 d - a +0 pair of boots (worn)
   (You found it on level 6 of the Dungeon)
 s - a +2 cloak (worn)
   (You bought it in a shop on level 4 of the Dungeon)
Jewellery
 i - a +6 ring of dexterity (left hand)
   (You found it on level 6 of the Dungeon)
 u - a ring of wizardry (right hand) {Wiz+, !d}
   (You found it on level 9 of the Dungeon)
Wands
 j - a wand of light (8)
   (You found it on level 6 of the Dungeon)
 k - a wand of digging (5)
   (You found it on level 6 of the Dungeon)
 l - a wand of polymorph (4)
   (You took it off Ijyb on level 3 of the Dungeon)
 B - a wand of iceblast (8)
   (You found it on level 8 of the Dungeon)
Scrolls
 c - 5 scrolls of teleportation
 o - 3 scrolls of fear
 v - 2 scrolls of fog
 x - a scroll of silence {unknown}
 y - a scroll of torment {unknown}
 C - a scroll of amnesia
Potions
 a - a potion of magic
 e - a potion of flight
 f - 5 potions of curing {unknown}
 g - a potion of might
 h - 2 potions of mutation {!q}
 m - a potion of invisibility
 n - 4 potions of heal wounds
 p - 2 potions of haste {unknown}
 q - a potion of resistance
 r - 3 potions of attraction {unknown}
Miscellaneous
 w - a piece from Xom's chessboard (15/15)
   (You found it on level 9 of the Dungeon)


   Skills:
 - Level 10.0 Fighting
 - Level 3.1 Dodging
 - Level 1.7 Stealth
 + Level 6.0 Spellcasting
 + Level 6.0 Conjurations
 - Level 4.0 Hexes
 + Level 4.0 Transmutations
 - Level 8.1 Fire Magic
 - Level 4.0 Poison Magic


You had one spell level left.
You knew the following spells:

 Your Spells              Type           Power      Damage    Failure   Level
a - Foxfire               Conj/Fire      100%       2x1d9     1%          1
b - Scorch                Fire           76%        2d8       1%          2
c - Inner Flame           Hex/Fire       30%        N/A       1%          3
d - Flame Wave            Conj/Fire      34%        2d10      2%          4
e - Ignite Poison         Fire/Tmut/Pois 27%        N/A       1%          3
f - Static Discharge      Conj/Air       36%        2-4/arc   1%          2
g - Irradiate             Conj/Tmut      13%        3d16      16%         5

Your spell library contained the following spells:

 Spells                   Type           Power      Damage    Failure   Level
 Beastly Appendage        Tmut           44%        N/A       1%          1
 Slow                     Hex            88%        N/A       1%          1
 Sandblast                Erth           12%        2d6       4%          1
 Wereblood                Tmut           22%        N/A       1%          2
 Ensorcelled Hibernation  Hex/Ice        28%        N/A       2%          2
 Passwall                 Tmut/Erth      11%        N/A       2%          2
 Confusing Touch          Hex            22%        N/A       2%          3
 Spider Form              Tmut/Pois      22%        N/A       2%          3
 Volatile Blastmotes      Fire/Tloc      44%        2d13      2%          3
 Cigotuvi's Dreadful Rot  Necr/Pois/Air  22%        N/A       3%          2
 Stone Arrow              Conj/Erth      36%        3d9       3%          3
 Swiftness                Air            6%         N/A       12%         3
 Vampiric Draining        Necr           6%         2d6       12%         3
 Anguish                  Hex/Necr       7%         N/A       17%         4
 Blade Hands              Tmut           11%        N/A       22%         5
 Freezing Cloud           Conj/Ice/Air   7%         6-21      43%         5
 Dragon Form              Tmut           11%        N/A       99%         7


Dungeon Overview and Level Annotations

Branches:
Dungeon (10/15)            Temple (1/1) D:6         Ossuary (visited)
   Lair: D:8-11         Orc: D:9-12

Altars:
Ashenzari
Cheibriados
Dithmenos
Elyvilon
Fedhas
Gozag
Hepliaklqana
Kikubaaqudgha
Makhleb
Nemelex Xobeh
Okawaru
Qazlal
Ru
Sif Muna
Trog
Uskayaw
Vehumet
Wu Jian
Xom
Yredelemnul
Zin
The Shining One

Shops:
D:4 *   D:5 [

Annotations:
D:8 Amaemon, Maggie


Innate Abilities, Weirdness & Mutations

You can breathe blasts of noxious fumes.
Your lurid green scales are hard. (AC +7)
You cannot fit into any form of body armour.
Your system is resistant to poisons. (rPois)
You are cold-blooded and may be slowed by cold attacks.


Message History

Casting: Scorch (safe; 1% risk of failure)
Confirm with . or Enter, or press ? or * to list all spells.
Flames lash something but do no damage.
Something hits you but does no damage. Something bites you.
Something draws strength from your injuries!
You take 5 damage, and have 88/93 hp.
You now have 11/19 mp.
Casting: Scorch (safe; 1% risk of failure)
Confirm with . or Enter, or press ? or * to list all spells.
Flames lash something but do no damage.
Something hits you. Something bites you but does no damage.
You take 3 damage, and have 85/93 hp.
You now have 9/19 mp.
You conjure some foxfire!
Something hits you. Something bites you.
Something draws strength from your injuries!
You take 5 damage, and have 80/93 hp.
You now have 8/19 mp.
You conjure some foxfire!
The foxfire hits something!
Something hits you! Something bites you but does no damage.
You take 10 damage, and have 70/93 hp.
You now have 7/19 mp.
You conjure some foxfire!
The foxfire hits something but does no damage.
The foxfire hits something.
The foxfire hits something but does no damage.
Something draws life force from you!
You conjure some foxfire!
The foxfire hits something.
The foxfire hits something but does no damage.
Something hits you. Something bites you but does no damage.
You take 18 damage, and have 52/93 hp.
You now have 5/19 mp.
You are too injured to fight recklessly!
You are too injured to fight recklessly!
You are too injured to fight recklessly!
Casting: Foxfire (safe; 1% risk of failure)
Confirm with . or Enter, or press ? or * to list all spells.
You conjure some foxfire!
The foxfire hits something.
The foxfire hits something but does no damage.
Something hits you. Something bites you.
Something draws strength from your injuries!
You take 4 damage, and have 48/93 hp.
Unknown command.
Casting: Foxfire (safe; 1% risk of failure)
Confirm with . or Enter, or press ? or * to list all spells.
You conjure some foxfire!
The foxfire hits something. x2
Something hits you but does no damage. Something bites you but does no damage.
You now have 4/19 mp.
Unknown command.
Casting: Foxfire (safe; 1% risk of failure)
Confirm with . or Enter, or press ? or * to list all spells.
You conjure some foxfire!
The foxfire hits something but does no damage. x2
Something hits you but does no damage. Something bites you!
Something draws strength from your injuries!
You take 7 damage, and have 42/93 hp.
You now have 3/19 mp.
Unknown command.
Casting: Foxfire (safe; 1% risk of failure)
Confirm with . or Enter, or press ? or * to list all spells.
You conjure some foxfire!
The foxfire hits something but does no damage. x2
Something hits you. Something bites you but does no damage.
You take 6 damage, and have 36/93 hp.
You now have 2/19 mp.
Unknown command.
Casting: Foxfire (safe; 1% risk of failure)
Confirm with . or Enter, or press ? or * to list all spells.
You conjure some foxfire!
The foxfire hits something but does no damage. x2
Something hits you! Something barely misses you.
You take 6 damage, and have 30/93 hp.
You now have 1/19 mp.
Unknown command.
Unknown command.
You hit something but do no damage.
Your tail-slap misses something.
The foxfire hits something.
The foxfire hits something but does no damage.
Something hits you. Something bites you.
* * * LOW HITPOINT WARNING * * *
Something draws strength from your injuries!
You take 5 damage, and have 25/93 hp.
You barely miss something. You tail-slap something. Something hits you!
* * * LOW HITPOINT WARNING * * *
Something bites you but does no damage.
You take 8 damage, and have 17/93 hp.
You miss something.
Your tail-slap misses something.
Something hits you but does no damage. Something bites you.
* * * LOW HITPOINT WARNING * * *
Something draws strength from your injuries!
You take 4 damage, and have 13/93 hp.
You miss something. You tail-slap something. Something barely misses you.
Something bites you!
* * * LOW HITPOINT WARNING * * *
Something draws strength from your injuries!
You take 7 damage, and have 6/93 hp.
You closely miss something. Something completely misses you.
Something barely misses you.
You hit something but do no damage. You tail-slap something.
Something hits you but does no damage. Something bites you but does no damage.
Casting: Foxfire (safe; 1% risk of failure)
Confirm with . or Enter, or press ? or * to list all spells.
You can't see any susceptible monsters within range! (Use Z to cast anyway.) Unknown command.
Unknown command.
Casting: Foxfire (safe; 1% risk of failure)
Confirm with . or Enter, or press ? or * to list all spells.
Flames lash something.
Something hits you!
You die...

..............##
...##.#..##.....
>..##..#.....####
....##.....#..###
...........#....
.........#.#..##
...............### #####
#..##.#.....##...#......
...##..<....##.#@{......
...###......##....?.....
....#........#..........
###.#>##.##....####.....
......##...#...# .....
.. ###.######.##....
.... ..P #.# .....#.#
... ...P #.# ##....#..
### ...P #.# ..... ...P


There were no monsters in sight!

Vanquished Creatures
  Pikel (D:6)
  An unseen horror (D:10)
  A troll (D:10)
  A hornet (D:9)
  Sigmund (D:3)
  A shadow (D:10)
  8 yaks
  An unseen horror simulacrum (D:9)
  A steam dragon (D:7)
  A water moccasin (D:6)
  2 acid dragons (D:10)
  An orc warrior (D:9)
  2 sky beasts
  A black bear (D:3)
  An ogre (D:7)
  3 centaurs
  3 lemures
  A phantom (D:5)
  An elf zombie (Ossuary)
  5 bullfrogs
  3 scorpions
  13 wights
  9 killer bees
  4 centaur zombies (Ossuary)
  5 hounds
  6 orc priests
  2 sleepcaps
  A jelly (D:4)
  9 orc wizards
  Ijyb (D:3)
  3 iguanas
  3 hound zombies (Ossuary)
  3 mummies (Ossuary)
  6 adders
  A shadow imp (D:7)
  3 white imps
  9 adder zombies (Ossuary)
  4 worms
  3 dart slugs
  33 orcs
  4 bats
  7 endoplasms
  3 giant cockroaches (D:3)
  A gnoll zombie (Ossuary)
  9 hobgoblins
  7 jackals
  9 quokkas
  7 ball pythons
  4 frilled lizards
  A goblin (D:2)
  2 goblin zombies (Ossuary)
  2 hobgoblin zombies (Ossuary)
  3 jackal zombies (Ossuary)
  5 kobolds
  2 kobold zombies (Ossuary)
  An orc zombie (Ossuary)
  7 quokka zombies (Ossuary)
  5 rats
  A rat zombie (Ossuary)
238 creatures vanquished.

Vanquished Creatures (collateral kills)
  2 foxfires (D:10)
2 creatures vanquished.

Vanquished Creatures (others)
  1326 foxfires
1326 creatures vanquished.

Grand Total: 1566 creatures vanquished

Notes
Turn   | Place    | Note
-------+----------+-------------------------------------------
     0 | D:1      | IndexError the Draconian Fire Elementalist began the quest
                  | for the Orb.
     0 | D:1      | Reached XP level 1. HP: 14/14 MP: 3/3
   268 | D:1      | Reached XP level 2. HP: 20/20 MP: 1/5
   314 | D:1      | Reached skill level 2 in Dodging
   867 | D:1      | Reached XP level 3. HP: 26/26 MP: 2/6
  1017 | D:1      | Learned a level 2 spell: Scorch
  1698 | D:2      | Reached XP level 4. HP: 33/33 MP: 1/7
  1895 | D:2      | Identified the +2 robe of Too Many Cooks {Will- rCorr
                  | Int+7}
  2021 | D:3      | Reached skill level 2 in Conjurations
  2171 | D:3      | Reached skill level 4 in Fire Magic
  2237 | D:3      | Found a shadowy altar of Dithmenos.
  2662 | D:3      | Noticed Ijyb
  2675 | D:3      | Killed Ijyb
  2676 | D:3      | Reached XP level 5. HP: 23/38 MP: 1/9
  2676 | D:3      | Noticed Sigmund
  2764 | D:3      | Killed Sigmund
  2765 | D:3      | Reached skill level 3 in Dodging
  2765 | D:3      | Reached skill level 3 in Spellcasting
  2765 | D:3      | Reached XP level 6. HP: 45/45 MP: 0/10
  3100 | D:3      | Reached skill level 5 in Fire Magic
  3261 | D:3      | Reached skill level 3 in Conjurations
  4132 | D:4      | Your scales start taking on a lurid green colour.
  4132 | D:4      | Reached XP level 7. HP: 43/50 MP: 8/12
  4132 | D:4      | Gained mutation: Your system is resistant to poisons.
                  | (rPois) [Green Draconian growth]
  4244 | D:4      | Found Suit's CLEARANCE SALE!.
  4250 | D:4      | Bought a +0 cloak for 27 gold pieces
  4439 | D:5      | Entered Level 5 of the Dungeon
  4539 | D:5      | Reached skill level 6 in Fire Magic
  4767 | D:5      | Reached skill level 4 in Spellcasting
  4931 | D:5      | Found Leusaogrou's Antique Armour Boutique.
  4936 | D:5      | Learned a level 3 spell: Inner Flame
  4941 | D:5      | Learned a level 4 spell: Flame Wave
  4998 | D:5      | Reached skill level 4 in Conjurations
  5625 | D:6      | Reached XP level 8. HP: 57/57 MP: 7/14
  5654 | D:6      | Found a sand-covered staircase.
  5668 | Ossuary  | Entered an ossuary
  5893 | Ossuary  | Reached skill level 7 in Fire Magic
  6896 | D:6      | Reached skill level 5 in Conjurations
  6906 | D:6      | Reached skill level 5 in Spellcasting
  7014 | D:6      | Found a staircase to the Ecumenical Temple.
  7075 | D:6      | Reached skill level 8 in Fire Magic
  7104 | Temple   | Entered the Ecumenical Temple
  7414 | Temple   | Became a worshipper of Vehumet
  7507 | D:6      | Found a stormy altar of Qazlal.
  7665 | D:6      | Reached skill level 1 in Fighting
  7689 | D:6      | Noticed Pikel
  7976 | D:6      | Killed Pikel
  7977 | D:6      | Reached skill level 3 in Fighting
  7977 | D:6      | Reached XP level 9. HP: 71/71 MP: 9/17
  8418 | D:7      | Reached skill level 4 in Fighting
  8428 | D:7      | Reached skill level 6 in Conjurations
  8713 | D:7      | Reached skill level 6 in Spellcasting
  8718 | D:7      | Reached skill level 5 in Fighting
  9122 | D:7      | Learned a level 3 spell: Ignite Poison
  9131 | D:7      | Reached skill level 6 in Fighting
  9409 | D:8      | Noticed Amaemon
  9409 | D:8      | Noticed an orange demon
  9450 | D:8      | Reached skill level 7 in Fighting
  9540 | D:7      | HP: 13/74 [wight/+4 great sword (17)]
  9856 | D:8      | Reached skill level 8 in Fighting
  9898 | D:8      | Reached * piety under Vehumet
  9898 | D:8      | Offered knowledge of Freeze by Vehumet.
  9971 | D:8      | Found a glowing golden altar of the Shining One.
 10220 | D:9      | Reached skill level 9 in Fighting
 10337 | D:9      | Reached XP level 10. HP: 91/91 MP: 15/19
 10593 | D:9      | Reached skill level 10 in Fighting
 10692 | D:9      | Reached skill level 1 in Poison Magic
 10698 | D:9      | Reached skill level 1 in Transmutations
 10703 | D:9      | Reached skill level 1 in Hexes
 10914 | D:9      | Reached skill level 2 in Poison Magic
 11089 | D:8      | Noticed a two-headed ogre
 11091 | D:8      | Noticed Maggie
 11415 | D:10     | Entered Level 10 of the Dungeon
 11418 | D:10     | Found a hide-covered altar of Uskayaw.
 11435 | D:10     | Reached skill level 2 in Transmutations
 11494 | D:10     | Reached skill level 2 in Hexes
 11497 | D:10     | Reached ** piety under Vehumet
 11497 | D:10     | Offered knowledge of Static Discharge by Vehumet.
 11554 | D:9      | Learned a level 2 spell: Static Discharge
 11560 | D:9      | Learned a level 5 spell: Irradiate
 11577 | D:10     | Reached skill level 3 in Poison Magic
 11665 | D:10     | Reached skill level 3 in Transmutations
 11667 | D:10     | Reached skill level 3 in Hexes
 11667 | D:10     | Reached skill level 4 in Poison Magic
 12010 | D:10     | Reached skill level 4 in Hexes
 12010 | D:10     | Reached skill level 4 in Transmutations
 12089 | D:10     | HP: 17/93 [something (8)]
 12091 | D:10     | HP: 6/93 [something (7)]
 12094 | D:10     | Slain by a vampire

Illustrated notes

Levels and vault maps discovered:
D:1:      lightli_arrival_boilingwater, layout_basic, minivault_25,
          minmay_misc_feat_rugged, bh_walls_and_bars
D:2:      layout_basic, serial_bayou_pond_c
D:3:      layout_loops_ring, grunt_dithmenos_smoke_and_mirrors,
          minmay_quantized, uniq_sigmund, uniq_ijyb
D:4:      layout_basic, st_stairs_12, nicolae_shop_clearance
D:5:      layout_basic, serial_shops, nicolae_shop_window_shopping
D:6:      layout_gridville, nicolae_qazlal_eye_of_the_storm, temple_statues,
          nicolae_ossuary_entry_monument, uniq_pikel
D:7:      layout_cave_pools
D:8:      layout_rooms, overflow_temple_1_default, uniq_psyche, uniq_amaemon,
          uniq_maggie
D:9:      layout_basic, small_chamber_with_monster,
          hangedman_abyss_or_decor_slice
D:10:     layout_rooms, mainiacjoe_overflow_boulevard
Temple:   hc_temple_tempest_star

Skill      XL: |  1  2  3  4  5  6  7  8  9 10 |
---------------+-------------------------------+-----
Dodging        | 2 3 |  3.1
Conjurations   | 2 3 4 5 6 |  6.0
Fire Magic     | 4 5 6 8 |  8.1
Spellcasting   | 3 4 5 6 |  6.0
Fighting       | 3 9 10 | 10.0
Poison Magic   | 4 |  4.0
Transmutations | 4 |  4.0
Hexes          | 4 |  4.0
Stealth        | |  1.7

Action                     |  1- 3 |  4- 6 |  7- 9 | 10-12 || total
---------------------------+-------+-------+-------+-------++-------
  Melee: Unarmed           |     2 |       |       |       ||     2
         Dagger            |     1 |    14 |     8 |    13 ||    36
         Tailslap          |       |     1 |     3 |     5 ||     9
   Cast: Foxfire           |    85 |   107 |   434 |   131 ||   757
         Scorch            |       |    10 |    18 |     9 ||    37
         Ignite Poison     |       |       |       |     2 ||     2
Ability: Breathe Noxious F |       |       |     1 |     2 ||     3
    Use: Scroll            |       |       |    18 |     1 ||    19
 Armour: Skin              |     2 |     4 |    43 |    38 ||    87
  Dodge: Dodged            |     8 |    15 |    73 |    33 ||   129

Levels and vault maps discovered:
D:1:      lightli_arrival_boilingwater, layout_basic, minivault_25,
          minmay_misc_feat_rugged, bh_walls_and_bars
D:2:      layout_basic, serial_bayou_pond_c
D:3:      layout_loops_ring, grunt_dithmenos_smoke_and_mirrors,
          minmay_quantized, uniq_sigmund, uniq_ijyb
D:4:      layout_basic, st_stairs_12, nicolae_shop_clearance
D:5:      layout_basic, serial_shops, nicolae_shop_window_shopping
D:6:      layout_gridville, nicolae_qazlal_eye_of_the_storm, temple_statues,
          nicolae_ossuary_entry_monument, uniq_pikel
D:7:      layout_cave_pools
D:8:      layout_rooms, overflow_temple_1_default, uniq_psyche, uniq_amaemon,
          uniq_maggie
D:9:      layout_basic, small_chamber_with_monster,
          hangedman_abyss_or_decor_slice
D:10:     layout_rooms, mainiacjoe_overflow_boulevard
Temple:   hc_temple_tempest_star

Table legend: (Time is in decaauts)
 A = Elapsed time spent in this place.
 B = Non-inter-level travel time spent in this place.
 C = Inter-level travel time spent in this place.
 D = Time resting spent in this place.
 E = Time spent auto-exploring this place.
 F = Levels seen in this place.
 G = Mean time per level.
                   A        B        C        D        E       F      G
               +--------+--------+--------+--------+--------+-----+--------+
         Total |  12106 |  11176 |    930 |      0 |   9461 |  12 | 1008.8 |
       Dungeon |  10663 |   9772 |    891 |      0 |   8263 |  10 | 1066.3 |
        Temple |    325 |    286 |     39 |      0 |    268 |   1 |  325.0 |
       Ossuary |   1117 |   1117 |      0 |      0 |    930 |   1 | 1117.0 |
               +--------+--------+--------+--------+--------+-----+--------+

Top non-repeatable levels by time:
     D:9: 1693 daAuts
     D:3: 1607 daAuts
     D:6: 1373 daAuts
     D:7: 1189 daAuts
 Ossuary: 1117 daAuts
     D:5: 1096 daAuts
     D:2: 1044 daAuts
     D:1: 1030 daAuts
     D:4: 891 daAuts
    D:10: 385 daAuts
     D:8: 351 daAuts
  Temple: 325 daAuts

Table legend:
 A = Kills in this place as a percentage of kills in the entire game.
 B = Kills by you in this place as a percentage of kills by you in the entire game.
 C = Kills by friends in this place as a percentage of kills by friends in the entire game.
 D = Other kills in this place as a percentage of other kills in the entire game.
 E = Experience gained in this place as a percentage of experience gained in the entire game.
 F = Experience gained in this place divided by the number of levels of this place that you have seen.
                   A       B       C       D       E      F
               +-------+-------+-------+-------+-------+----------------------
         Total | 100.0 | 100.0 |   N/A |   N/A | 100.0 | 804.2
       Dungeon |  83.4 |  83.4 |   N/A |   N/A |  95.2 | 918.5
       Ossuary |  16.6 |  16.6 |   N/A |   N/A |   4.8 | 466.0
               +-------+-------+-------+-------+-------+----------------------
